LetsOutscumLuxidream, neutral female scurrid Tourist |H. |@. |.. g LetsOutscumLuxidream the Rambler Experience level: 2 Strength: 14 Dexterity: 12 Constitution: 14 Intelligence: 12 Wisdom: 9 Charisma: 14 Health: 0(13) Energy: 8(8) Def: 0 Gold: 42 Moves: 95 Dungeon seed: PH6yzznCRH1Ljgjd Game ID: LetsOutscumLuxidream_1498227515 Your Inventory: Coins $ - 42 gold pieces Weapons a - 47 blessed +2 darts Comestibles b - 3 uncursed food rations c - 2 uncursed tripe rations d - 4 uncursed eggs f - an uncursed tin of sewer rat meat g - 2 uncursed chestnuts h - an uncursed tin of spinach Scrolls j - 3 uncursed scrolls of magic mapping k - a blessed scroll of magic mapping Potions i - 2 uncursed potions of extra healing Wands n - an uncursed wand of secret door detection (0:15) Tools l - an uncursed expensive camera (0:92) m - an uncursed credit card o - an uncursed leash w - an uncursed mirror Spells and supernatural/magical abilities: Name Level Category Fail Memory W - pray for help -- divine ? -- Your skills at the end: Miscellaneous Skills wands [Basic] stealth [Basic] Weapon Skills dart [Basic] Spellcasting Skills Final Attributes: You were devoutly aligned. You had infravision. You were very stealthy. You are dead. Vanquished creatures: a wood nymph an elf zombie a giant rat 3 creatures vanquished. Voluntary challenges: You went without food. You did not adorn yourself with jewelry or accessories. You did not cause conflict. You were not invisible. You did not have reflection. You were not displaced. You were an atheist. You never hit with a wielded weapon. You did not use containers. You did not apply a unicorn horn. You did not use plumbed fixtures. You did not drink any magical draughts. You were illiterate. You never genocided any monsters. You never polymorphed an object. You never changed form. You used no wishes. You never split a pudding. You never wrote Elbereth's name. You never violated your personal moral code. Dungeon overview: The Dungeons of Doom: levels 1 to 23 Level 1 a long staircase Level 2 Level 3 Level 4 Level 5 an altar to The Lady Level 6 Level 7 Level 8 Level 9 Level 10 Level 11 Level 12 Level 13 Level 14 Level 15 Level 16 Level 17 Level 18 Level 19 Level 20 Level 21 Level 22 Level 23 <- You were here History has recorded: On T:1 you entered the Dungeons of Doom to retrieve the Amulet of Yendor! On T:4 you reached level 2 of The Dungeons of Doom. On T:6 you reached level 3 of The Dungeons of Doom. On T:8 you reached level 4 of The Dungeons of Doom. On T:10 you reached level 5 of The Dungeons of Doom. On T:13 you reached level 6 of The Dungeons of Doom. On T:15 you reached level 7 of The Dungeons of Doom. On T:22 you reached level 8 of The Dungeons of Doom. On T:25 you reached level 9 of The Dungeons of Doom. On T:62 you advanced to experience level 2. On T:66 you reached level 10 of The Dungeons of Doom. On T:68 you reached level 11 of The Dungeons of Doom. On T:70 you reached level 12 of The Dungeons of Doom. On T:73 you reached level 13 of The Dungeons of Doom. On T:75 you reached level 14 of The Dungeons of Doom. On T:77 you reached level 15 of The Dungeons of Doom. On T:79 you reached level 16 of The Dungeons of Doom. On T:82 you reached level 17 of The Dungeons of Doom. On T:84 you reached level 18 of The Dungeons of Doom. On T:84 you entered the Rogue tribute level. On T:86 you reached level 19 of The Dungeons of Doom. On T:88 you reached level 20 of The Dungeons of Doom. On T:91 you reached level 21 of The Dungeons of Doom. On T:93 you reached level 22 of The Dungeons of Doom. On T:95 you reached level 23 of The Dungeons of Doom. Score breakdown: Gold: 0 ( 0 points) Experience: 2 levels ( 100 points) Exploration: 23 levels ( 660 points) Discoveries: 1 item ( 50 points) Variety of kills: 3 monsters ( 150 points) Major goal: (nothing yet) ( 0 points) Survival: died (score multiplied by 3) Total score: 2880 Latest messages: You continue digging downward. You dig a pit in the floor. You continue digging downward. You dig a hole through the floor. You fall through... You start digging downward. You continue digging downward. You dig a pit in the floor. You continue digging downward. You dig a hole through the floor. You fall through... You start digging downward. You continue digging downward. You dig a pit in the floor. You continue digging downward. You dig a hole through the floor. You fall through... The titan punches you! The titan casts a spell at you! Your shirt crumbles into tiny threads and falls apart! The titan punches you! You die... Final status: Aloha LetsOutscumLuxidream the Tourist, killed by a titan... You died in The Dungeons of Doom on dungeon level 23 with 2880 points, and 42 pieces of gold, after 95 moves. You were level 2 with a maximum of 13 hit points when you died.